 Dungeon Crawl Stone Soup version 0.31-a0-1068-g5939ac1fb6 (webtiles) character file.

Game seed: 15909566778319871342

62 Amplified the Trooper (level 4, 0/29 HPs)
             Began as a Kobold Fighter on Nov 24, 2023.
             Slain by Terence
             ... wielding a +2 mace of holy wrath
              (7 damage)
             ... on level 2 of the Dungeon.
             The game lasted 00:02:20 (1478 turns).

Amplified the Trooper (Kobold Fighter)              Turns: 1478, Time: 00:02:21

Health: 0/29       AC:  7    Str: 15    XL:     4   Next: 28%
Magic:  4/4        EV: 10    Int:  9    God:
Gold:   106        SH:  5    Dex: 14    Spells: 3/3 levels left

rFire   . . .        a - +0 flail
rCold   . . .        c - +0 buckler
rNeg    . . .        b - +0 scale mail
rPois   .            (no helmet)
rElec   .            (no cloak)
rCorr   .            (no gloves)
SInv    .            h - +0 pair of boots
Will    .....        (no amulet)
Stlth   +            (no ring)
HPRegen 0.24/turn    (no ring)
MPRegen 0.09/turn

%: no passive effects
@: mighty
A: small, no large weapons, nightstalker 3
a: no special abilities


You were on level 2 of the Dungeon.
You visited 1 branch of the dungeon, and saw 2 of its levels.

You collected 106 gold pieces.

Inventory:

Hand Weapons
 a - a +0 flail (weapon)
Armour
 b - a +0 scale mail (worn)
 c - a +0 buckler (worn)
 h - a +0 pair of boots (worn)
Talismans
 j - a talisman of death
Potions
 f - a potion of magic {unknown}
 g - a potion of enlightenment {unknown}
 i - a potion of heal wounds {unknown}
 k - a potion of curing {unknown}
 m - a potion of brilliance {unknown}


   Skills:
 * Level 4.0 Fighting
 * Level 2.4 Maces & Flails
 + Level 2.6 Armour
 * Level 2.9 Shields


You had 3 spell levels left.
You didn't know any spells.
Your spell library contained the following spells:

 Spells                   Type           Power      Damage    Failure   Level
 Summon Small Mammal      Summ           0%         N/A       91%         1
 Call Canine Familiar     Summ           0%         N/A       99%         3
 Summon Guardian Golem    Hex/Summ       0%         N/A       99%         3


Dungeon Overview and Level Annotations

Branches:
Dungeon (2/15)

Altars:

Annotations:
D:2 Terence


Innate Abilities, Weirdness & Mutations

You are small and have problems with some larger weapons.
You are completely attuned to the shadows.


Message History

Terence hits you with a +2 mace of holy wrath!
You sock Terence!
Terence is almost dead.
Terence hits you with a +2 mace of holy wrath.
Unknown command.
You completely miss Terence.
Terence is almost dead.
Terence hits you with a +2 mace of holy wrath!
* * * LOW HITPOINT WARNING * * *
Terence barely misses you.
Unknown command.
You completely miss Terence.
Terence is almost dead.
You block Terence's attack.
Unknown command.
You closely miss Terence.
Terence is almost dead.
Terence barely misses you.
Unknown command.
Unknown command.
You hit Terence.
Terence is almost dead.
Terence misses you. Terence hits you but does no damage.
Unknown command.
Unknown command.
You closely miss Terence.
Terence is almost dead.
Terence misses you.
Unknown command.
You closely miss Terence.
Terence is almost dead.
Terence hits you with a +2 mace of holy wrath.
* * * LOW HITPOINT WARNING * * *
Unknown command.
You completely miss Terence.
Terence is almost dead.
Terence closely misses you.
Terence hits you with a +2 mace of holy wrath!
You die...
Terence says, "That felt goooood."

..##****,#..#,*,**,*,#.#
..,,,,,,,#...,*,**,*,#.#
+*,*,,,,,*,,*,*,**,#.#.#####
,*,*,,,,,,,,*,*,,,.........#
,*,*,***,,,,*,*#######.##.##
,*,*,* *,,*,*,*#..,,...##.#
,*,*,***,,,,*,*#.#####.##.##
,*,*,,,,,***#.##@#..#......#
,*,*,,,,,,,,....@...#.######
,*,**,******######.##.#
,*,*,,,,,,,,,*#....##.#
,*,,,,,,,,,,,*#.#####.#
,*,***********#.#####.# ,,**
#.......# *** #.#####.# ###
###


You could see Terence.

Vanquished Creatures
  2 adders (D:2)
  A dart slug (D:1)
  4 ball pythons
  4 bats
  4 endoplasms (D:1)
  3 goblins
  5 hobgoblins (D:1)
  3 kobolds (D:1)
  3 quokkas (D:1)
  4 frilled lizards (D:1)
  4 rats (D:1)
37 creatures vanquished.

Notes
Turn   | Place    | Note
-------+----------+-------------------------------------------
     0 | D:1      | Amplified the Kobold Fighter began the quest for the Orb.
     0 | D:1      | Reached XP level 1. HP: 14/14 MP: 1/1
   150 | D:1      | Reached XP level 2. HP: 19/19 MP: 2/2
   402 | D:1      | Found a faded altar of an unknown god.
   560 | D:1      | Reached XP level 3. HP: 24/24 MP: 3/3
  1323 | D:2      | Reached XP level 4. HP: 15/29 MP: 4/4
  1352 | D:2      | Reached skill level 4 in Fighting
  1467 | D:2      | Noticed Terence
  1478 | D:2      | Slain by Terence

Illustrated notes

Levels and vault maps discovered:
D:1:      dpeg_arrival_solitude, layout_loops_ring,
          hellmonk_ecumenical_altar_lost_god, minivault_27
D:2:      layout_basic, minmay_misc_feat_four_crosses, nrook_mini_backslash,
          uniq_natasha, uniq_terence

Skill      XL: |  1  2  3  4 |
---------------+-------------+-----
Maces & Flails | 2 |  2.4
Fighting       | 4 |  4.0
Armour         | |  2.6
Shields        | |  2.9

Action                     |  1- 3 |  4- 6 || total
---------------------------+-------+-------++-------
  Melee: Flail             |   109 |    26 ||   135
    Use: Scroll            |     3 |       ||     3
         Potion            |       |     1 ||     1
   Stab: Sleeping          |     2 |       ||     2
 Armour: Scale mail        |    72 |    16 ||    88
  Dodge: Dodged            |    70 |    15 ||    85
  Block: Buckler           |    30 |     7 ||    37

Table legend: (Time is in decaauts)
 A = Elapsed time spent in this place.
 B = Non-inter-level travel time spent in this place.
 C = Inter-level travel time spent in this place.
 D = Time resting spent in this place.
 E = Time spent auto-exploring this place.
 F = Levels seen in this place.
 G = Mean time per level.
                   A        B        C        D        E       F      G
               +--------+--------+--------+--------+--------+-----+--------+
         Total |   1522 |   1434 |     88 |     19 |    885 |   2 |  761.0 |
       Dungeon |   1522 |   1434 |     88 |     19 |    885 |   2 |  761.0 |
               +--------+--------+--------+--------+--------+-----+--------+

Top non-repeatable levels by time:
     D:1: 1209 daAuts
     D:2: 312 daAuts
